 Dungeon Sprint DCSS version 0.13.2 (webtiles) character file.

367 sanboga the Soul Tainter (level 6, -4/53 HPs)
             Began as a Minotaur Death Knight on Mar 20, 2017.
             Was a Priest of Yredelemnul.
             Slain by an orc warrior
             ... wielding a +2,+1 orcish glaive
              (12 damage)
             ... in the Dungeon (Sprint IX: "|||||||||||||||||||||||||||||").
             The game lasted 00:01:34 (612 turns).

sanboga the Soul Tainter (Minotaur Death Knight)     Turns: 612, Time: 00:01:34

HP  -4/53        AC 12     Str 20      XL: 6   Next: 32%
MP   9/12        EV  9     Int 11      God: Yredelemnul [***...]
Gold 20          SH  0     Dex  9      Spells:  0 memorised,  5 levels left

Res.Fire  : . . .   See Invis. : .   n - +2 halberd (venom)
Res.Cold  : . . .   Warding    : .   b - +1 dwarf scale mail
Life Prot.: . . .   Conserve   : .   (no shield)
Res.Poison: .       Res.Corr.  : .   (helmet restricted)
Res.Elec. : .       Clarity    : .   a - +0 elf cloak
Sust.Abil.: . .     Spirit.Shd : .   (no gloves)
Res.Mut.  : .       Prev.Telep.: +   (no boots)
Res.Rott. : .       Flight     : .   (no amulet)
Saprovore : . . .                    p - +3 ring of intelligence
                                     o - +2 ring of protection

@: slightly resistant to hostile enchantments, extremely unstealthy
A: retaliatory headbutt, horns 2
a: Animate Dead, Recall Undead Slaves, Injury Mirror, Renounce Religion


You were in the Dungeon.
You worshipped Yredelemnul.
Yredelemnul was most pleased with you.
You were not hungry.

You visited 1 branch

Inventory:

Hand weapons
 n - a +2,+2 halberd of venom (weapon)
Armour
 a - a +0 elven cloak (worn)
 b - a +1 dwarven scale mail (worn)
Magical devices
 m - a wand of draining (7)
Comestibles
 c - a bread ration
Scrolls
 i - 2 scrolls of blinking
 k - 3 scrolls of remove curse
 l - 2 scrolls of amnesia
Jewellery
 o - a +2 ring of protection (left hand)
 p - a +3 ring of intelligence (right hand)
Potions
 d - 5 potions of curing
 e - 2 potions of heal wounds
 f - a potion of speed
 g - 4 potions of magic
 h - a potion of berserk rage
 j - a potion of invisibility


   Skills:
 + Level 7.2 Fighting
 + Level 8.2 Polearms
 + Level 5.0 Armour
 + Level 5.1 Dodging
 + Level 8.7 Invocations


You had 5 spell levels left.
You didn't know any spells.

Dungeon Overview and Level Annotations

Branches:
Dungeon (1/1)

Altars:
Ashenzari
Cheibriados
Elyvilon
Fedhas
Kikubaaqudgha
Makhleb
Nemelex Xobeh
Okawaru
Sif Muna
Trog
Vehumet
Xom
Yredelemnul
Zin
the Shining One


Innate Abilities, Weirdness & Mutations

You reflexively headbutt those who attack you in melee.
You have a pair of horns on your head.


Message History

The orc hits the plant with an orcish club.
The orc warrior hits you with an orcish glaive.
You puncture the orc warrior!
The orc warrior looks even sicker.
The orc warrior is almost dead.
The orc hits the plant but does no damage.
The orc warrior hits you but does no damage.
You closely miss the orc warrior.
You headbutt the orc warrior, but do no damage.
The orc warrior is almost dead.
The orc hits the plant but does no damage.
The orc warrior hits you with an orcish glaive!
* * * LOW HITPOINT WARNING * * *
You hit the orc warrior but do no damage.
The orc warrior is almost dead.
The orc hits the plant but does no damage.
Your scale mail prevents you from hitting the orc warrior.
The orc warrior is almost dead.
The orc warrior hits you with an orcish glaive!
You die...
Your body rises from the dead as a mindless zombie.

#F#
#o#
#P#
#.#
#.#
#.#
#'#
#o#
#@#
#.#
#[#
#.#
#[#
#|#
#.#
#.#
#'#


You could see an orc warrior, a giant frog and an orc.

Vanquished Creatures
  A yak (D)
  An orc warrior (D)
  An ice beast (D)
  A hound (D)
  A bat (D)
  A giant cockroach (D)
  A goblin (D)
  A hobgoblin (D)
  2 kobolds (D)
  A giant cockroach zombie (D)
  A rat skeleton (D)
12 creatures vanquished.

Vanquished Creatures (others)
  A hound zombie (D)
  A hobgoblin zombie (D)
2 creatures vanquished.

Grand Total: 14 creatures vanquished

Notes
Turn   | Place    | Note
--------------------------------------------------------------
     0 | D        | sanboga, the Minotaur Death Knight, began the quest for the Orb.
     0 | D        | Reached XP level 1. HP: 17/17 MP: 2/2
    15 | D        | Reached skill level 3 in Polearms
    18 | D        | Acquired Yredelemnul's second power
   281 | D        | Noticed a hound
   281 | D        | Noticed an ice beast
   290 | D        | Reached XP level 2. HP: 21/24 MP: 3/3
   294 | D        | Killed an ice beast
   294 | D        | Acquired Yredelemnul's third power
   294 | D        | Reached skill level 5 in Fighting
   294 | D        | Reached skill level 5 in Polearms
   294 | D        | Reached skill level 6 in Invocations
   294 | D        | Reached XP level 3. HP: 16/30 MP: 4/6
   294 | D        | Reached XP level 4. HP: 20/38 MP: 4/7
   306 | D        | Killed a hound
   531 | D        | Found an ancient bone altar of Kikubaaqudgha.
   531 | D        | Found a shimmering altar of Xom.
   531 | D        | Found a basalt altar of Yredelemnul.
   531 | D        | Found a deep blue altar of Sif Muna.
   531 | D        | Found a white marble altar of Elyvilon.
   531 | D        | Found a glowing golden altar of the Shining One.
   531 | D        | Found an ancient bone altar of Kikubaaqudgha.
   532 | D        | Found an iron altar of Okawaru.
   533 | D        | Found a glowing golden altar of the Shining One.
   534 | D        | Found a blossoming altar of Fedhas.
   535 | D        | Found a shattered altar of Ashenzari.
   536 | D        | Found a burning altar of Makhleb.
   537 | D        | Found a snail-covered altar of Cheibriados.
   538 | D        | Found a glowing silver altar of Zin.
   539 | D        | Found a sparkling altar of Nemelex Xobeh.
   540 | D        | Found a bloodstained altar of Trog.
   541 | D        | Found a radiant altar of Vehumet.
   588 | D        | Noticed a giant frog
   588 | D        | Noticed an orc warrior
   588 | D        | Noticed an orc warrior
   588 | D        | Noticed a yak
   600 | D        | Killed a yak
   600 | D        | Reached skill level 7 in Polearms
   600 | D        | Reached skill level 8 in Invocations
   600 | D        | Reached XP level 5. HP: 16/46 MP: 7/9
   606 | D        | Killed an orc warrior
   606 | D        | Reached skill level 5 in Armour
   606 | D        | Reached skill level 5 in Dodging
   606 | D        | Reached XP level 6. HP: 19/53 MP: 8/12
   612 | D        | Slain by an orc warrior

Action                   |  1- 3 |  4- 6 || total
-------------------------+-------+-------++-------
Melee: Spear             |    31 |    16 ||    47
       Halberd           |       |    18 ||    18
Invok: Animate Remains   |     1 |       ||     1
       Animate Dead      |       |     1 ||     1
  Use: Potion            |       |     1 ||     1
